 Dungeon Crawl Stone Soup version 0.17.0-28-g6e173f8 (webtiles) character file.

303 M4edhros the Magician (level 6, -6/36 HPs)
             Began as an Octopode Wanderer on Nov 25, 2015.
             Was an Initiate of Fedhas.
             Mangled by Duvessa
             ... wielding a +0 rapier
              (8 damage)
             ... on level 4 of the Dungeon.
             The game lasted 00:03:56 (1462 turns).

M4edhros the Magician (Octopode Wanderer)           Turns: 1462, Time: 00:03:58

Health: -6/36      AC:  6    Str: 11    XL:     6   Next: 38%
Magic:  15/15      EV: 11    Int: 16    God:    Fedhas [......]
Gold:   33         SH:  0    Dex: 14    Spells: 3 memorised, 8 levels left

rFire  + . .     SeeInvis .     p - +1 flail (protect)
rCold  + . .     Clarity  .     (no shield)
rNeg   . . .     SustAt   .     v - +0 hat
rPois  +         Gourm    .     (no amulet)
rElec  +         Spirit   .     (no ring)
rCorr  +         Warding  .     (no ring)
rMut   .         Stasis   .     (no ring)
MR     .....                    (no ring)
Stlth  +++++.....               (no ring)
                                (no ring)
                                (no ring)
                                (no ring)

@: lethally poisoned (-6 -> -14), resistant, not resistant to hostile
enchantments, quite stealthy
A: almost no armour, amphibious, 8 rings, constrict 8, camouflage 1, clever 1,
gelatinous body 1, subdued magic 1
a: Renounce Religion


You were on level 4 of the Dungeon.
You worshipped Fedhas.
Fedhas was noncommittal.
You were not hungry.

You visited 2 branches of the dungeon, and saw 7 of its levels.

You collected 33 gold pieces.

Inventory:

Hand Weapons
 d - a +0 dagger
 g - a +0 dagger of venom
 p - a +1 flail of protection (weapon)
 x - a cursed +0 hunting sling
Missiles
 j - 84 stones (quivered)
Armour
 v - a +0 hat (worn)
Scrolls
 i - 2 scrolls of enchant weapon {unknown}
 m - a scroll of fog {unknown}
 n - a scroll of blinking {unknown}
 o - a scroll of identify {unknown}
 r - a scroll of remove curse {unknown}
 s - a scroll of immolation {unknown}
 t - a scroll of noise {unknown}
 w - a scroll of fear {unknown}
Potions
 q - a potion of lignification {unknown}
Books
 a - a book of Frost

   Spells                             Type                      Level
   a - Freeze                         Ice                          1
   b - Throw Frost                    Conjuration/Ice              2
   c - Ozocubu's Armour               Charms/Ice                   3
   d - Throw Icicle                   Conjuration/Ice              4
   e - Summon Ice Beast               Ice/Summoning                4
   f - Condensation Shield            Ice                          4
 b - Morag's Handbook of Arcane Weapons

   Spells                             Type                      Level
   a - Magic Dart                     Conjuration                  1
   b - Static Discharge               Conjuration/Air              3
 c - the Reference Book on Orientation

   Spells                             Type                      Level
   a - Apportation                    Translocation                1
   b - Shroud of Golubria             Charms/Translocation         2
Comestibles
 e - 2 bread rations
 h - 2 chunks of flesh
 l - 2 meat rations
 u - a beef jerky


   Skills:
 + Level 6.0 Stealth
   Level 2.0 Shields
 + Level 6.4 Spellcasting
   Level 1.0 Translocations
 - Level 2.0 Ice Magic


You had 8 spell levels left.
You knew the following spells:

 Your Spells              Type           Power        Failure   Level  Hunger
a - Ozocubu's Armour      Chrm/Ice       #.......     16%         3    ##.....
b - Throw Icicle          Conj/Ice       #.......     73%         4    ####...
c - Throw Frost           Conj/Ice       #.....       7%          2    None


Dungeon Overview and Level Annotations

Branches:
Dungeon (6/15)             Temple (1/1) D:5

Altars:
Cheibriados
Dithmenos
Fedhas
Gozag
Okawaru
Qazlal
Sif Muna
Trog
Vehumet
Xom
Zin
The Shining One

Shops:
D:5 =**

Annotations:
D:4 Dowan, Duvessa


Innate Abilities, Weirdness & Mutations

You cannot wear most types of armour.
You are amphibious.
You can wear up to eight rings at the same time.
You can use your tentacles to constrict eight enemies at once.
Your skin changes colour to match your surroundings (Stealth).
Your rubbery body absorbs attacks (AC +1).
Your mind is acute. (Int +2)
Your spells are a little easier to cast, but a little less powerful.


Message History

The ogre hits you with a giant club!
* * * LOW HITPOINT WARNING * * *
The phantom blinks!
Dowan points at Duvessa and mumbles some strange words.
Duvessa seems to speed up.
Drink which item? (? for menu, Esc to quit)
It was a potion of poison.
That liquid tasted very nasty...
You are lethally poisoned!
* * * LOW HITPOINT WARNING * * *
You feel sick. Duvessa hits you with a rapier.
* * * LOW HITPOINT WARNING * * *
Drink which item? (? for menu, Esc to quit)
It was a potion of resistance.
You feel protected.
* * * LOW HITPOINT WARNING * * *
You feel sick. Duvessa hits you with a rapier!
You die...
Xom is highly amused!
Fedhas appreciates your contribution to the ecosystem.

###....#
#....#
#....#
#..e.#
#....#
#....#
#.#O##
#.#e#
#.#@#
#........#
#.......##
####..###
.... #####


You could see Duvessa, an ogre and Dowan.

Vanquished Creatures
  A sky beast (D:5)
  A giant frog (D:5)
  A crimson imp (D:5)
  A giant frog zombie (D:5)
  A worker ant (D:5)
  A shadow imp (D:5)
  An adder (D:5)
  3 adder skeletons
  2 orcs (D:3)
  A bat (D:1)
  2 giant cockroaches
  5 goblins
  A quokka (D:2)
  A giant newt (D:1)
  5 kobolds (D:1)
27 creatures vanquished.

Notes
Turn   | Place    | Note
--------------------------------------------------------------
     0 | D:1      | M4edhros the Octopode Wanderer began the quest for the Orb.
     0 | D:1      | M4edhros set off with: a book of Frost, Morag's Handbook of Arcane Weapons, the Reference Book on Orientation, a +0 dagger, a bread ration
     0 | D:1      | Reached XP level 1. HP: 11/11 MP: 6/6
     0 | D:1      | Identified Morag's Handbook of Arcane Weapons
     0 | D:1      | Identified the Reference Book on Orientation
    67 | D:1      | Reached skill level 1 in Stealth
    97 | D:1      | Reached XP level 2. HP: 9/17 MP: 8/8
   514 | D:5      | Entered Level 5 of the Dungeon
   517 | D:5      | Found Viexaitz's Assorted Antiques.
   543 | D:5      | Found Veuwnom's Assorted Antiques.
   558 | D:5      | Reached XP level 3. HP: 8/21 MP: 9/9
   771 | D:5      | Found Pommovas's Jewellery Shoppe.
   874 | D:5      | Reached XP level 4. HP: 16/27 MP: 11/11
   885 | D:5      | Noticed a sky beast
  1074 | D:5      | Killed a sky beast
  1074 | D:5      | Reached skill level 5 in Stealth
  1074 | D:5      | Reached skill level 6 in Spellcasting
  1074 | D:5      | Reached XP level 5. HP: 12/31 MP: 11/13
  1078 | D:5      | Gained mutation: You are dopey. (Int -2) [mutagenic meat]
  1079 | D:5      | Gained mutation: Your spells are a little easier to cast, but a little less powerful. [mutagenic meat]
  1080 | D:5      | Lost mutation: You are dopey. (Int -2) [mutagenic meat]
  1081 | D:5      | Gained mutation: Your muscles are strong. (Str +2) [mutagenic meat]
  1082 | D:5      | Gained mutation: Your mind is acute. (Int +2) [mutagenic meat]
  1083 | D:5      | Lost mutation: Your muscles are strong. (Str +2) [mutagenic meat]
  1122 | D:5      | Learned a level 3 spell: Ozocubu's Armour
  1127 | D:5      | Learned a level 4 spell: Throw Icicle
  1134 | D:5      | Learned a level 2 spell: Throw Frost
  1259 | D:5      | Noticed a giant frog
  1264 | D:5      | Killed a giant frog
  1264 | D:5      | Reached XP level 6. HP: 36/36 MP: 5/15
  1286 | D:5      | Found a staircase to the Ecumenical Temple.
  1287 | D:5      | Noticed a phantom
  1295 | Temple   | Entered the Ecumenical Temple
  1361 | Temple   | Became a worshipper of Xom of Chaos
  1380 | Temple   | Fell from the grace of Xom
  1380 | Temple   | Became a worshipper of Fedhas Madash
  1438 | D:4      | Noticed Duvessa
  1440 | D:4      | Noticed Dowan
  1462 | D:4      | Mangled by Duvessa

Action                   |  1- 3 |  4- 6 || total
-------------------------+-------+-------++-------
Melee: Dagger            |    29 |       ||    29
       Flail             |    16 |    20 ||    36
 Cast: Throw Frost       |       |     4 ||     4
  Use: Potion            |     1 |     4 ||     5
 Stab: Sleeping          |     3 |     1 ||     4
  Eat: Chunk             |       |     8 ||     8
